Map: Ascension to Aiur LE

Players

llllllllllll (Zest)

  • Race: Protoss Protoss
  • League: Master
  • Spawn Location: 5:00

Elazer - Winner!

  • Race: Zerg Zerg
  • League: Master
  • Spawn Location: 11:00

Event: HomeStory Cup XV

VOD

Have the link to the VOD?

Description

Time

  • Played on: July 22, 2017, 2 p.m.
  • Length: 10:20

All games in this series

Show
View Real Time Build Order
Export as new Build Order

llllllllllll Protoss 

Build Orders: 1 Gate Expand, Oracle Opening, Phoenix Opening, Zealot Archon 

Get SALT Encoding   

  12  0:01  Probe (Chrono Boost)  
  13  0:11  Probe (Chrono Boost)  
  14  0:17  Pylon  
  14  0:22  Probe (Chrono Boost)  
  16  0:35  Probe (Chrono Boost)  
  16  0:38  Gateway  
  16  0:46  Probe (Chrono Boost)  
  16  0:47  Assimilator  
  17  0:57  Probe (Chrono Boost)  
  18  1:07  Probe (Chrono Boost)  
  19  1:21  Nexus  
  19  1:25  Probe (Chrono Boost)  
  20  1:34  Cybernetics Core  
  20  1:37  Probe (Chrono Boost)  
  21  1:43  Assimilator  
  21  1:48  Probe (Chrono Boost)  
  21  1:53  Pylon  
  22  1:58  Probe (Chrono Boost)  
  23  2:11  Probe, Adept (Chrono Boost)  
  26  2:22  Stargate  
  26  2:23  Probe  
  27  2:31  Warp Gate  
  27  2:32  Probe  
  27  2:35  Probe  
  27  2:36  Adept (Chrono Boost)  
  31  2:42  Probe  
  32  2:47  Probe  
  33  2:53  Probe, Pylon  
  34  2:59  Probe, Adept (Chrono Boost)  
  34  3:04  Probe  
  37  3:08  Oracle (Chrono Boost)  
  41  3:15  Probe x2  
  43  3:25  Probe  
  44  3:27  Probe  
  44  3:31  Gateway  
  45  3:35  Gateway  
  45  3:36  Probe  
  45  3:40  Probe, Phoenix (Chrono Boost)  
  49  3:46  Probe  
  50  3:53  Pylon  
  50  3:55  Assimilator  
  50  3:56  Mothership Core  
  50  3:59  Assimilator  
  52  4:08  Probe  
  53  4:12  Oracle (Chrono Boost)  
  53  4:15  Probe  
  56  4:20  Probe  
  58  4:26  Probe  
  58  4:29  Nexus  
  59  4:32  Pylon  
  59  4:34  Pylon  
  59  4:36  Robotics Facility  
  59  4:37  Probe (Chrono Boost)  
  60  4:41  Probe (Chrono Boost)  
  61  4:50  Probe (Chrono Boost)  
  62  4:55  Probe (Chrono Boost)  
  62  4:56  Forge, Sentry, Twilight Council  
  62  4:57  Sentry  
  67  5:01  Zealot, Probe (Chrono Boost)  
  70  5:07  Probe (Chrono Boost)  
  70  5:12  Probe (Chrono Boost)  
  72  5:18  Probe (Chrono Boost)  
  73  5:22  Probe (Chrono Boost)  
  73  5:25  Charge (Chrono Boost)  
  73  5:27  Protoss Ground Weapons Level 1 (Chrono Boost)  
  74  5:29  Probe (Chrono Boost)  
  74  5:31  Probe (Chrono Boost)  
  74  5:33  Warp Prism (Chrono Boost)  
  78  5:38  Templar Archives  
  78  5:40  Probe  
  78  5:41  Probe  
  78  5:42  Probe  
  79  5:49  Gateway x2  
  81  5:52  Probe, Gateway  
  81  5:53  Probe  
  81  5:55  Probe  
  84  6:02  Gateway  
  84  6:03  Gateway  
  84  6:05  Probe  
  84  6:06  Assimilator  
  84  6:08  Probe  
  84  6:09  Observer, Probe  
  84  6:10  Psionic Storm  
  84  6:11  Assimilator  
  88  6:15  Pylon  
  88  6:19  Probe x2  
  88  6:24  Probe  
  91  6:29  Warp Prism  
  93  6:33  Probe  
  93  6:34  Pylon  
  93  6:35  Pylon  
  94  6:42  Stalker  
  94  6:43  Stalker x2  
  100  6:55  Probe x3  
  100  6:57  Nexus  
  100  6:58  Pylon  
  103  7:01  Pylon  
  103  7:02  Pylon  
  103  7:05  High Templar x2  
  103  7:06  High Templar x2  
  111  7:12  Immortal  
  115  7:24  Probe  
  115  7:25  Probe  
  115  7:26  Photon Cannon x2  
  115  7:27  High Templar x2  
  115  7:28  Photon Cannon  
  115  7:29  Pylon  
  121  7:31  Photon Cannon  
  121  7:33  Photon Cannon  
  121  7:37  Archon  
  121  7:38  Zealot  
  123  7:48  Zealot  
  124  7:54  High Templar x2  
  124  7:55  Zealot x2  
  132  8:01  Immortal  
  132  8:02  Archon  
  134  8:14  Photon Cannon  
  134  8:18  Photon Cannon  
  134  8:19  Assimilator  
  134  8:21  High Templar x2  
  134  8:22  Assimilator  
  134  8:25  Zealot x2, High Templar x2  
  146  8:28  Archon  
  146  8:29  Archon  
  146  8:37  Gateway  
  146  8:38  Gateway  
  146  8:40  Protoss Shields Level 1 (Chrono Boost), Gateway  
  146  8:42  Gateway  
  146  8:46  Zealot x4  
  154  9:04  Zealot x4  
  162  9:11  Immortal  
  138  9:18  Zealot  
  111  9:28  Zealot x4  
  88  9:32  Probe x2  
  88  9:35  Mothership Core  
  89  9:42  Zealot x5  
  86  9:49  Probe x2  
  86  9:52  Zealot x3  
  67  10:03  Zealot  
  67  10:04  Zealot x3  
Show
View Real Time Build Order
Export as new Build Order

Elazer Zerg - Winner!

Build Orders: Hatch First 

Get SALT Encoding   

  12  0:00  Drone  
  13  0:12  Overlord  
  13  0:17  Drone  
  14  0:30  Drone x2  
  14  0:33  Drone  
  17  0:50  Hatchery  
  17  0:54  Drone  
  18  0:57  Drone  
  18  1:08  Extractor  
  17  1:13  Spawning Pool  
  17  1:16  Drone  
  17  1:20  Drone  
  18  1:27  Drone  
  19  1:39  Overlord  
  19  1:49  Drone  
  20  1:59  Queen  
  20  2:00  Drone  
  23  2:02  Queen  
  23  2:03  Zergling x2  
  26  2:09  Metabolic Boost  
  26  2:10  Drone  
  26  2:15  Drone  
  28  2:21  Drone  
  29  2:28  Drone  
  30  2:36  Hatchery  
  29  2:40  Zergling x2  
  30  2:45  Drone x2  
  30  2:49  Pneumatized Carapace  
  32  2:52  Drone  
  32  2:57  Overlord  
  33  3:00  Drone  
  34  3:08  Drone  
  34  3:10  Drone  
  36  3:14  Queen  
  36  3:16  Drone x2  
  36  3:19  Drone  
  41  3:21  Overlord  
  41  3:22  Drone  
  42  3:28  Zergling x2  
  42  3:29  Zergling x2  
  44  3:40  Spore Crawler  
  43  3:42  Spore Crawler, Drone x2  
  43  3:43  Drone  
  43  3:44  Drone  
  43  3:45  Evolution Chamber, Drone  
  46  3:48  Drone  
  46  3:52  Queen  
  49  3:57  Overlord  
  49  3:58  Drone  
  49  3:59  Drone  
  51  4:03  Spore Crawler  
  51  4:04  Zergling x2  
  51  4:06  Drone  
  51  4:08  Drone  
  53  4:10  Drone  
  53  4:11  Drone  
  53  4:13  Zerg Melee Weapons Level 1  
  55  4:17  Drone  
  55  4:18  Drone  
  55  4:21  Drone  
  58  4:31  Overlord  
  58  4:36  Overlord  
  58  4:48  Queen x2, Overlord  
  58  4:50  Drone x3  
  58  4:51  Drone  
  66  4:54  Drone  
  66  4:55  Drone x3  
  66  4:56  Overlord  
  66  4:57  Drone x2  
  72  5:01  Overlord  
  72  5:02  Lair  
  72  5:03  Drone  
  72  5:05  Extractor  
  72  5:08  Overlord  
  72  5:10  Drone x3  
  72  5:12  Overlord  
  72  5:13  Drone  
  76  5:17  Extractor, Drone  
  76  5:20  Baneling Nest, Extractor, Drone  
  75  5:22  Drone  
  75  5:27  Drone x4  
  79  5:30  Extractor  
  79  5:33  Drone  
  79  5:36  Extractor, Overlord  
  79  5:39  Drone x2  
  79  5:40  Overlord  
  80  5:46  Overlord  
  80  5:53  Hatchery, Zergling x10  
  84  5:58  Drone x2  
  84  6:02  Drone x3  
  84  6:03  Centrifical Hooks, Hydralisk Den  
  88  6:09  Zerg Melee Weapons Level 2  
  88  6:11  Overlord  
  89  6:18  Zergling x10  
  89  6:25  Overlord  
  93  6:27  Zergling x6  
  93  6:30  Zergling x4  
  93  6:31  Baneling x2  
  93  6:32  Baneling x3  
  98  6:35  Overlord  
  98  6:37  Hydralisk x3  
  104  6:44  Overlord  
  104  6:45  Muscular Augments  
  104  6:48  Drone x2  
  104  6:52  Drone x3  
  104  6:53  Drone  
  110  6:55  Drone  
  110  6:58  Overlord  
  111  7:03  Drone  
  111  7:04  Hatchery  
  111  7:13  Hydralisk  
  111  7:14  Hydralisk x6  
  125  7:18  Overlord  
  125  7:22  Spore Crawler  
  124  7:23  Hydralisk  
  124  7:24  Hydralisk x2  
  130  7:32  Hydralisk  
  130  7:33  Hydralisk x3  
  135  7:50  Hydralisk x7  
  146  7:55  Hydralisk x5  
  155  7:59  Zergling x6  
  155  8:04  Hydralisk x2  
  161  8:05  Zergling x2  
  161  8:06  Zergling x2  
  161  8:11  Zergling x10  
  163  8:13  Zergling x2  
  163  8:14  Zergling x2  
  164  8:24  Zergling x2  
  164  8:25  Zergling x18  
  174  8:31  Zergling x10  
  179  8:40  Zergling x4  
  181  8:43  Zergling x2  
  179  8:48  Overlord  
  179  8:49  Baneling  
  179  8:50  Baneling x9  
  179  8:55  Zergling x14  
  177  9:04  Baneling  
  177  9:05  Baneling x11  
  177  9:08  Zergling x8  
  177  9:09  Zergling x22  
  188  9:13  Zergling x4  
  170  9:19  Hydralisk x4  
  170  9:22  Hydralisk  
  153  9:25  Hydralisk  
  153  9:26  Hydralisk  
  153  9:29  Hydralisk x2  
  153  9:31  Zergling x2  
  148  9:34  Zergling x4  
  148  9:35  Zergling x2  
  148  9:40  Zergling x6  
  148  9:44  Hydralisk x3  
  150  9:49  Zergling x6  
  150  9:50  Zergling x4  
  150  9:51  Zergling x6  
  147  9:54  Hydralisk  
Tags
 
Add a new tag
Caveats
  • Supply blocks, unpowered buildings, or Contaminate may cause inaccurate times.
  • Supply counts are checked every 10 seconds.